 Dungeon Crawl Stone Soup version 0.28-b1-25-g9875b3fc8c (webtiles) character file.

Game seed: 9600985191445726806

2257 raph the Geomancer (level 9, 0/51 HPs)
             Began as a Deep Elf Earth Elementalist on Feb 7, 2022.
             Was a Follower of Kikubaaqudgha.
             Succumbed to a hornet's poison
             ... on level 8 of the Dungeon.
             The game lasted 00:16:09 (10033 turns).

raph the Geomancer (Deep Elf Earth Elementalist)   Turns: 10033, Time: 00:16:10

Health: 0/51       AC:  7    Str:  5    XL:     9   Next: 15%
Magic:  12/20      EV: 14    Int: 25    God:    Kikubaaqudgha [*.....]
Gold:   357        SH:  0    Dex: 15    Spells: 4/20 levels left

rFire   . . .      SeeInvis .   k - +3 dagger (venom)
rCold   . . .      Faith    .   (no shield)
rNeg    + . .      Spirit   .   x - +0 steam dragon scales
rPois   .          Reflect  .   (no helmet)
rElec   .          Harm     .   y - +0 cloak
rCorr   +          Rampage  .   (no gloves)
Will    .....                   t - +0 pair of boots
Stlth   +++.......              (no amulet)
HPRegen 0.17/turn               j - ring of positive energy
MPRegen 0.17/turn               v - ring of resist corrosion

@: lethally poisoned (0 -> -11), flying
A: no striking features
a: Renounce Religion, Receive Corpses


You were on level 8 of the Dungeon.
You worshipped Kikubaaqudgha.
Kikubaaqudgha was aware of your devotion.
You visited 1 branch of the dungeon, and saw 8 of its levels.

You collected 357 gold pieces.

Inventory:

Hand Weapons
 a - a +0 dagger
 i - a +0 long sword of holy wrath
 k - a +3 dagger of venom (weapon)
Missiles
 d - 12 poisoned darts
 w - 65 stones
 B - a throwing net
Armour
 b - a +0 robe
 t - a +0 pair of boots (worn)
 x - +0 steam dragon scales (worn)
 y - a +0 cloak (worn)
 z - an orb of wrath
Jewellery
 j - a ring of positive energy (left hand)
 o - a ring of fire
 s - a ring of fire
 v - a ring of resist corrosion (right hand)
 A - a ring of fire
 C - a +6 ring of intelligence
Wands
 g - a wand of flame (22)
 l - a wand of iceblast (12)
 n - a wand of polymorph (3)
Scrolls
 c - a scroll of fear
 h - 3 scrolls of teleportation
Potions
 e - a potion of ambrosia {unknown}
 f - a potion of curing {unknown}
 m - a potion of brilliance {unknown}
 p - a potion of mutation {unknown}
 q - a potion of magic {unknown}
 u - a potion of cancellation
 D - a potion of heal wounds {unknown}


   Skills:
 + Level 3.3 Fighting
 + Level 5.6 Dodging
 + Level 6.2 Stealth
 + Level 6.3 Spellcasting
 - Level 4.3 Conjurations
 * Level 2.5 Necromancy
 - Level 1.1 Transmutations
 + Level 8.4 Earth Magic


You had 4 spell levels left.
You knew the following spells:

 Your Spells              Type           Power      Damage    Failure   Level
a - Sandblast             Erth           100%       2d20      1%          1
b - Passwall              Tmut/Erth      25%        N/A       1%          2
c - Stone Arrow           Conj/Erth      78%        3d11      1%          3
d - Summon Small Mammal   Summ           28%        N/A       7%          1
e - Petrify               Tmut/Erth      31%        N/A       10%         4
f - Vampiric Draining     Necr           20%        2d7       8%          3
g - Sublimation of Blood  Necr           20%        N/A       3%          2

Your spell library contained the following spells:

 Spells                   Type           Power      Damage    Failure   Level
 Animate Skeleton         Necr           40%        N/A       2%          1
 Corpse Rot               Necr/Air       28%        N/A       6%          2
 Apportation              Tloc           14%        N/A       7%          1
 Wereblood                Tmut           13%        N/A       7%          2
 Ozocubu's Armour         Ice            7%         N/A       22%         3
 Fulminant Prism          Conj/Hex       9%         3d7       30%         4
 Iskenderun's Mystic Bla  Conj/Tloc      18%        2d6       30%         4
 Lee's Rapid Deconstruct  Erth           25%        3d15*     6%          5
 Ozocubu's Refrigeration  Ice            3%         4d5       100%        7
 Summon Hydra             Summ           3%         N/A       100%        7


Dungeon Overview and Level Annotations

Branches:
Dungeon (8/15)             Temple (0/1) D:6
   Lair: D:8-11

Altars:
Kikubaaqudgha
Makhleb
Ru
Trog


Message History

Aim: a hornet (60% to hit)
The stone arrow misses the hornet.
The hornet stings you.
You suddenly lose the ability to move!
The hornet stings you!
You are poisoned.
You feel yourself slow down. The hornet stings you.
You feel as though you will be slow longer.
You feel very sick. The hornet stings you!
You feel as though you will be slow longer.
You can move again.
Casting: Stone Arrow (safe; 1% risk of failure)
Confirm with . or Enter, or press ? or * to list all spells.
Aiming: Vampiric Draining (dangerous; 8% risk of failure)
Press: ? - help, Shift-Dir - straight line, f/p - hornet
Aim: a hornet You draw life force from the hornet!
You feel life coursing into your body!
You feel very sick. The hornet stings you.
You feel as though you will be slow longer.
The hornet stings you!
* * * LOW HITPOINT WARNING * * *
You are lethally poisoned!
You feel as though you will be slow longer.
The hornet stings you.
* * * LOW HITPOINT WARNING * * *
You feel as though you will be slow longer.
Okay, then.
It was a potion of cancellation.
Your magical effects are unravelling.
You feel magically purged.
You feel yourself speed up.
* * * LOW HITPOINT WARNING * * *
You feel very sick. The hornet closely misses you. x2
It was a potion of flight.
You feel very buoyant.
You fly up into the air.
You die...
Kikubaaqudgha rasps: "You have failed me!
Welcome... death!"

######### #......# ##########
#.......###.####.# .........#
#...........#..#.#
########.###>.......#.....#.#
#.......##........#.#####.#
#.####..##....(...#.......#
###.####..#....###.##########
....#.....#....#...#
###.....#......#@#.# #
#.#.#.####..[#y..# #
#.#.#'#####+##)#.# #
#.#.....# #...# # #.#.....#
#.#.# # ..#.....# #...# #
###.....# ###.# # #.....# #
#.....#


You could see a hornet.

Vanquished Creatures
  A steam dragon (D:5)
  A water moccasin (D:6)
  A necrophage (D:5)
  2 centaurs
  2 ogres
  Blork the orc (D:4)
  3 phantoms
  A bullfrog (D:7)
  2 scorpions
  A water moccasin zombie (D:6)
  5 killer bees (D:7)
  3 jellies
  4 orc priests
  5 hounds
  A bullfrog skeleton (D:7)
  2 orc wizards
  2 iguanas
  A scorpion zombie (D:5)
  2 killer bee zombies
  A hound zombie (D:3)
  3 howler monkey zombies
  10 adders
  2 river rats (D:6)
  A shadow imp (D:6)
  9 worms
  2 dart slugs
  17 orcs
  3 ball pythons (D:1)
  10 bats
  8 endoplasms
  3 giant cockroaches
  7 goblins
  9 hobgoblins
  8 jackals
  6 quokkas
  2 frilled lizards
  5 kobolds
  10 rats
156 creatures vanquished.

Notes
Turn   | Place    | Note
-------+----------+-------------------------------------------
     0 | D:1      | raph the Deep Elf Earth Elementalist began the quest for
                  | the Orb.
     0 | D:1      | Reached XP level 1. HP: 10/10 MP: 6/6
   180 | D:1      | Reached skill level 4 in Earth Magic
   180 | D:1      | Reached XP level 2. HP: 15/15 MP: 2/8
   827 | D:1      | Reached XP level 3. HP: 19/19 MP: 7/9
   830 | D:1      | Learned a level 2 spell: Passwall
   834 | D:1      | Learned a level 3 spell: Stone Arrow
  1389 | D:2      | Reached skill level 5 in Earth Magic
  2059 | D:2      | Reached XP level 4. HP: 17/24 MP: 6/10
  2348 | D:2      | Found a faded altar of an unknown god.
  3233 | D:3      | Found a faded altar of an unknown god.
  3237 | D:3      | Found a burning altar of Makhleb.
  3270 | D:3      | Reached skill level 6 in Earth Magic
  3422 | D:3      | Reached XP level 5. HP: 28/28 MP: 7/11
  4484 | D:4      | Learned a level 1 spell: Summon Small Mammal
  4559 | D:4      | Found an ancient bone altar of Kikubaaqudgha.
  4587 | D:4      | Noticed Blork the orc
  4596 | D:4      | Killed Blork the orc
  4597 | D:4      | Reached skill level 7 in Earth Magic
  4597 | D:4      | Reached XP level 6. HP: 33/33 MP: 9/13
  4636 | D:4      | Reached skill level 1 in Conjurations
  4754 | D:4      | Became a worshipper of Kikubaaqudgha
  4963 | D:4      | Reached skill level 1 in Fighting
  5404 | D:5      | Entered Level 5 of the Dungeon
  5439 | D:5      | Reached XP level 7. HP: 38/38 MP: 7/15
  6263 | D:5      | Found a bloodstained altar of Trog.
  6630 | D:5      | Noticed a steam dragon
  6838 | D:6      | Reached XP level 8. HP: 44/44 MP: 6/17
  6843 | D:6      | Learned a level 4 spell: Petrify
  6968 | D:6      | Reached skill level 5 in Spellcasting
  7316 | D:6      | Found a staircase to the Ecumenical Temple.
  7349 | D:6      | Reached skill level 5 in Stealth
  7453 | D:6      | Reached skill level 8 in Earth Magic
  7515 | D:6      | Reached skill level 5 in Dodging
  8129 | D:6      | Reached * piety under Kikubaaqudgha
  8129 | D:6      | Received a gift from Kikubaaqudgha
  8136 | D:6      | Learned a level 3 spell: Vampiric Draining
  8303 | D:5      | Found a sacrificial altar of Ru.
  8712 | D:5      | Learned a level 2 spell: Sublimation of Blood
  8741 | D:7      | Identified a scroll of acquirement
  8741 | D:7      | Acquired a book of Blasting
  8994 | D:7      | Reached skill level 1 in Necromancy
  9199 | D:7      | Reached XP level 9. HP: 51/51 MP: 13/20
 10028 | D:8      | Paralysed by a hornet for 3 turns
 10033 | D:8      | Succumbed to a hornet's poison

Illustrated notes

Levels and vault maps discovered:
D:1:      dpeg_arrival_shrine, layout_rooms
D:2:      layout_loops_ring, hellmonk_ecumenical_altar_heavens_door,
          grunt_ministairs_5
D:3:      layout_basic, nicolae_overflow_ecumenical_swirl, minmay_puff
D:4:      layout_cave_pools, mainiacjoe_overflow_concentric_impassable,
          uniq_blork_the_orc
D:5:      layout_rooms, nicolae_ru_path_of_blood, overflow_temple_1_default,
          serial_glass, glass_columns_b, glass_columns_b, moated_statue
D:6:      layout_cave_pods, minmay_temple_entry_from_below_a,
          lightli_sewer_entry_pipes
D:7:      layout_basic, kennysheep_generic_room_4
D:8:      layout_basic, mainiacjoe_overflow_swirl, lair_entry_dummy,
          hangedman_minor_gate_pass

Skill      XL: |  1  2  3  4  5  6  7  8  9 |
---------------+----------------------------+-----
Earth Magic    | 4 5 6 7 8 |  8.4
Conjurations   | 1 3 4 |  4.3
Stealth        | 3 4 6 |  6.2
Dodging        | 3 4 5 |  5.6
Fighting       | 1 2 3 |  3.3
Spellcasting   | 4 6 |  6.3
Necromancy     | 1 2 |  2.5
Transmutations | |  1.1

Action                   |  1- 3 |  4- 6 |  7- 9 || total
-------------------------+-------+-------+-------++-------
Melee: Dagger            |    68 |    23 |    23 ||   114
       Punch             |       |     1 |       ||     1
Throw: Dart              |     2 |     5 |       ||     7
 Cast: Sandblast         |    51 |    59 |    48 ||   158
       Stone Arrow       |       |    23 |    68 ||    91
       Passwall          |       |     3 |       ||     3
       Petrify           |       |       |     1 ||     1
       Vampiric Draining |       |       |     1 ||     1
Evoke: Wand              |       |     2 |       ||     2
  Use: Scroll            |     1 |     3 |     6 ||    10
       Potion            |       |       |     2 ||     2
 Stab: Sleeping          |       |     1 |     1 ||     2
Armor: Robe              |    26 |     5 |     8 ||    39
       Steam dragon scal |       |       |     3 ||     3
Dodge: Dodged            |    73 |    32 |    40 ||   145
